[Event "IIFL Wealth 4th Mumbai GM"]
[Site "Mumbai"]
[Date "2018.12.31"]
[Round "2"]
[White "Nikhil Magizhnan"]
[Black "Rebut, Paul"]
[Result "1-0"]
[ECO "B50"]
[WhiteElo "2148"]
[BlackElo "1740"]
[Annotator "NA"]
[PlyCount "153"]
[EventDate "2018.12.30"]
[EventType "swiss"]
[EventCountry "IND"]
[SourceTitle "playchess.com"]
[Source "ChessBase"]
[SourceQuality "1"]
[TimeControl "40/5400+30:1800+30"]

1. e4 c5 2. Nf3 d6 3. c3 Nf6 4. Be2 Nc6 5. Qc2 Bd7 6. O-O g6 7. d4 cxd4 8. cxd4 Rc8 9. Nc3 Bg7 10. d5 Na5 11. Be3 a6 12. Bd4 b5 13. a3 O-O 14. Nd2 Re8 15. b4 Nb7 16. Qb2 e5 17. Be3 Ng4 18. Bxg4 Bxg4 19. a4 f5 20. f3 f4 21. Bf2 Bd7 22. axb5 axb5 23. Nb3 Bf6 24. Na5 Nxa5 25. bxa5 Bh4 26. Bb6 Qg5 27. Rac1 Bg3 28. hxg3 fxg3 29. Ne2 Rb8 30. Qa3 Rxb6 31. axb6 b4 32. Qd3 Bb5 33. f4 Qh6 34. Qxg3 Bxe2 35. Rf2 exf4 36. Qxf4 Qxf4 37. Rxf4 Rb8 38. e5 Rxb6 39. e6 g5 40. e7 Rb8 41. Rxb4 Re8 42. Re1 Bh5 43. Rb6 Kf7 44. Rxd6 Rxe7 45. Rxe7+ Kxe7 46. Re6+ Kd7 47. Re5 Kd6 48. Rxg5 Bg6 49. Kf2 Be4 50. Rh5 Bg6 51. Rg5 Be4 52. Ke3 Bxd5 53. Rg7 h5 54. Rg5 Bf7 55. Kf4 Be8 56. Rg8 Bf7 57. Rf8 Bc4 58. Rh8 Bf1 59. Kf3 Ke5 60. Rxh5+ Kf6 61. Ra5 Kg6 62. Kf4 Kf6 63. g4 Kg6 64. Rc5 Bg2 65. Rb5 Bf1 66. Rb6+ Kg7 67. Kg5 Bg2 68. Ra6 Bd5 69. Ra7+ Kg8 70. Kf6 Kh8 71. g5 Be4 72. Re7 Bd5 73. Re8+ Bg8 74. Rd8 Kh7 75. g6+ Kh8 76. g7+ Kh7 77. Rd4 {Kh8} 1-0

[Event "IIFL Wealth 4th Mumbai GM"]
[Site "Mumbai"]
[Date "2018.12.31"]
[Round "2"]
[White "Vantika Agrawal"]
[Black "Elgabry, Mohsen"]
[Result "1-0"]
[ECO "E62"]
[WhiteElo "2143"]
[BlackElo "2305"]
[Annotator "NA"]
[PlyCount "117"]
[EventDate "2018.12.30"]
[EventType "swiss"]
[EventCountry "IND"]
[SourceTitle "playchess.com"]
[Source "ChessBase"]
[SourceQuality "1"]
[TimeControl "40/5400+30:1800+30"]

1. d4 Nf6 2. Nf3 g6 3. g3 Bg7 4. Bg2 O-O 5. O-O d6 6. c4 Nc6 7. Nc3 e5 8. dxe5 dxe5 9. Bg5 Be6 10. Nd2 h6 11. Bxf6 Bxf6 12. Nde4 Bg7 13. Nc5 Qc8 14. Nd5 Re8 15. Nxe6 Rxe6 16. Bh3 f5 17. g4 Re8 18. gxf5 gxf5 19. Kh1 Ne7 20. e4 Nxd5 21. cxd5 Qd8 22. Bxf5 Rf8 23. Qh5 Qg5 24. Qxg5 hxg5 25. Rac1 c6 26. dxc6 bxc6 27. Rxc6 Rf6 28. Rfc1 Rd8 29. Rxf6 Bxf6 30. Be6+ Kh8 31. Bd5 Rb8 32. b3 Bd8 33. Kg2 Bb6 34. f3 Rf8 35. Rc2 Kg7 36. Kg3 Kg6 37. b4 Bd4 38. a4 Be3 39. Rc6+ Rf6 40. Rc7 Bd2 41. b5 Be1+ 42. Kg2 a6 43. h3 axb5 44. axb5 Ba5 45. Re7 Bc3 46. Kf2 Bd4+ 47. Ke2 Rf8 48. Re6+ Rf6 49. Re8 Kh5 50. Rh8+ Kg6 51. Bc6 Kf7 52. Rh5 Rg6 53. Rh7+ Ke6 54. Be8 Rf6 55. Rg7 Rf8 56. Bc6 Rh8 57. Rb7 Kd6 58. Rd7+ Kc5 59. Rg7 1-0

[Event "IIFL Wealth 4th Mumbai GM"]
[Site "Mumbai"]
[Date "2018.12.31"]
[Round "2"]
[White "Sekar, B."]
[Black "Bhasima, Prashan"]
[Result "1-0"]
[ECO "C41"]
[WhiteElo "2137"]
[BlackElo "1658"]
[Annotator "NA"]
[PlyCount "58"]
[EventDate "2018.12.30"]
[EventType "swiss"]
[EventCountry "IND"]
[SourceTitle "playchess.com"]
[Source "ChessBase"]
[SourceQuality "1"]
[TimeControl "40/5400+30:1800+30"]

1. e4 e5 2. Nf3 d6 3. d4 exd4 4. Nxd4 Be7 5. Nc3 Nf6 6. Bf4 O-O 7. Qd2 Nc6 8. O-O-O Nxd4 9. Qxd4 Be6 10. f3 Nh5 11. Be3 Nf6 12. g4 a6 13. g5 Nh5 14. f4 f5 15. Be2 c5 16. Qd3 g6 17. Bxh5 gxh5 18. Nd5 fxe4 19. Qxe4 Bxd5 20. Qxd5+ Kg7 21. f5 Bxg5 22. Rhg1 h6 23. h4 Qd7 24. hxg5 Rxf5 25. gxh6+ Kf6 26. Qg2 Rf8 27. Qg6+ Ke5 28. Bxc5 R8f6 29. Bd4+ Kd5 1-0

[Event "IIFL Wealth 4th Mumbai GM"]
[Site "Mumbai"]
[Date "2018.12.31"]
[Round "2"]
[White "Gandhi, Anish"]
[Black "Regmi, Shikhar"]
[Result "1-0"]
[ECO "C79"]
[WhiteElo "2134"]
[BlackElo "1610"]
[Annotator "NA"]
[PlyCount "73"]
[EventDate "2018.12.30"]
[EventType "swiss"]
[EventCountry "IND"]
[SourceTitle "playchess.com"]
[Source "ChessBase"]
[SourceQuality "1"]
[TimeControl "40/5400+30:1800+30"]

1. e4 e5 2. Nf3 Nc6 3. Bb5 a6 4. Ba4 Nf6 5. O-O d6 6. d4 exd4 7. Nxd4 Bd7 8. Nxc6 bxc6 9. Re1 Be7 10. Nc3 O-O 11. h3 Rb8 12. Qd3 Qc8 13. Bb3 Kh8 14. Bf4 Nh5 15. Bh2 Bg5 16. Qf3 g6 17. Rad1 Be6 18. e5 Bxb3 19. axb3 d5 20. Rd4 Ng7 21. Ra4 Ne6 22. Rea1 f6 23. Rxa6 fxe5 24. Bxe5+ Kg8 25. Qg3 Rb6 26. Ra7 Rb7 27. R7a4 Qd8 28. Re1 Nc5 29. Rg4 Bf6 30. h4 Bxe5 31. Rxe5 Qf6 32. h5 Ra7 33. hxg6 Ra1+ 34. Kh2 h5 35. Rxh5 Qxf2 36. Qxf2 Rxf2 37. g7 1-0

[Event "IIFL Wealth 4th Mumbai GM"]
[Site "Mumbai"]
[Date "2018.12.31"]
[Round "2"]
[White "Vatsal Singhania"]
[Black "Laoussing, Mathis"]
[Result "1-0"]
[ECO "B01"]
[WhiteElo "2130"]
[BlackElo "1438"]
[Annotator "NA"]
[PlyCount "57"]
[EventDate "2018.12.30"]
[EventType "swiss"]
[EventCountry "IND"]
[SourceTitle "playchess.com"]
[Source "ChessBase"]
[SourceQuality "1"]
[TimeControl "40/5400+30:1800+30"]

1. e4 d5 2. exd5 Nf6 3. d4 Nxd5 4. c4 Nb6 5. Nf3 Bg4 6. Be3 e5 7. Be2 Bb4+ 8. Nc3 Nc6 9. d5 Ne7 10. Nxe5 Bxe2 11. Qxe2 Bxc3+ 12. bxc3 O-O 13. O-O Nf5 14. Bf4 Re8 15. Qd3 g6 16. Rfe1 c6 17. Rad1 cxd5 18. cxd5 Qxd5 19. Qxd5 Nxd5 20. Rxd5 f6 21. Nf3 Rxe1+ 22. Nxe1 Re8 23. Kf1 Re4 24. Bb8 Ra4 25. Rd8+ Kf7 26. Rd7+ Ke6 27. Rxb7 a6 28. Nd3 Rxa2 29. Nf4# 1-0

[Event "IIFL Wealth 4th Mumbai GM"]
[Site "Mumbai"]
[Date "2018.12.31"]
[Round "2"]
[White "Mahindrakar Indrajeet"]
[Black "Akash G"]
[Result "0-1"]
[ECO "B50"]
[WhiteElo "2106"]
[BlackElo "2443"]
[Annotator "NA RC"]
[PlyCount "55"]
[EventDate "2018.12.30"]
[EventType "swiss"]
[EventCountry "IND"]
[SourceTitle "playchess.com"]
[Source "ChessBase"]
[SourceQuality "1"]
[TimeControl "40/5400+30:1800+30"]

1. e4 c5 2. Nf3 d6 3. c3 Nf6 4. h3 Nc6 5. Bd3 d5 6. e5 Nd7 7. Bb5 Qb6 8. Qe2 c4 9. Ba4 g6 10. O-O Nc5 11. Bc2 Bf5 12. Bxf5 gxf5 13. d4 cxd3 14. Qe3 e6 15. Nbd2 Nd7 16. Qxd3 Ndxe5 17. Nxe5 Nxe5 18. Qe2 Bd6 19. Rd1 Rg8 20. Nb3 O-O-O 21. Be3 Qc7 22. Rd4 Rg6 23. Kh1 Rdg8 24. Rg1 Nc6 25. g3 f4 26. Rxf4 Bxf4 27. Bxf4 Qxf4 28. Qd1 0-1

[Event "IIFL Wealth 4th Mumbai GM"]
[Site "Mumbai"]
[Date "2018.12.31"]
[Round "2"]
[White "Kavinda, Akila"]
[Black "Praveen Kumar C"]
[Result "0-1"]
[ECO "D12"]
[WhiteElo "2092"]
[BlackElo "2233"]
[Annotator "NA"]
[PlyCount "134"]
[EventDate "2018.12.30"]
[EventType "swiss"]
[EventCountry "IND"]
[SourceTitle "playchess.com"]
[Source "ChessBase"]
[SourceQuality "1"]
[TimeControl "40/5400+30:1800+30"]

1. Nf3 Nf6 2. c4 c6 3. d4 d5 4. e3 Bf5 5. Nc3 e6 6. Nh4 Be4 7. f3 Bg6 8. Qb3 Qc7 9. Bd2 Be7 10. Rc1 dxc4 11. Bxc4 Bh5 12. f4 a6 13. O-O Nbd7 14. a4 O-O 15. Nf3 Bg6 16. Be1 Nb6 17. Be2 Nbd5 18. Nd1 a5 19. Ne5 Bb4 20. Nxg6 hxg6 21. Bh4 Qd7 22. Qd3 Be7 23. e4 Nb4 24. Qe3 Ng4 25. Bxg4 Bxh4 26. Nc3 Bd8 27. f5 exf5 28. exf5 Bb6 29. Ne2 Nd5 30. Qg5 gxf5 31. Rxf5 Rae8 32. Qh4 Qe7 33. Qxe7 Rxe7 34. Bf3 g6 35. Rg5 Rfe8 36. Kf2 Kg7 37. Rc2 Nf6 38. Kf1 Ne4 39. Bxe4 Rxe4 40. Rd2 Rd8 41. Rg3 Bxd4 42. Rgd3 c5 43. Rb3 Rd6 44. Rxb7 Rf6+ 45. Ke1 Rf2 46. g3 Rxh2 47. Kd1 Be3 48. Rdd7 Rf2 49. b3 Rf5 50. Re7 Bd4 51. Red7 Be3 52. Re7 Rd5+ 53. Ke1 Rxe7 54. Rxe7 Rd3 55. Rb7 Bd2+ 56. Kf2 Bb4 57. Nf4 Rxb3 58. Ne6+ Kf6 59. Nd8 c4 60. Rxf7+ Ke5 61. Rc7 c3 62. Ke2 Rb2+ 63. Ke3 Rg2 64. Nf7+ Kd5 65. Kf3 Bc5 66. Kxg2 c2 67. Ne5 c1=Q 0-1

[Event "IIFL Wealth 4th Mumbai GM"]
[Site "Mumbai"]
[Date "2018.12.31"]
[Round "2"]
[White "abzid, Rahman"]
[Black "Bhambure, Shantanu"]
[Result "0-1"]
[ECO "D30"]
[WhiteElo "2040"]
[BlackElo "2223"]
[Annotator "NA"]
[PlyCount "35"]
[EventDate "2018.12.30"]
[EventType "swiss"]
[EventCountry "IND"]
[SourceTitle "playchess.com"]
[Source "ChessBase"]
[SourceQuality "1"]
[TimeControl "40/5400+30:1800+30"]

1. d4 d5 2. c4 e6 3. Nf3 c6 4. e3 Nf6 5. Qc2 Nbd7 6. Bd3 Bd6 7. O-O O-O 8. b3 dxc4 9. Bxc4 b5 10. Bd3 Bb7 11. a4 bxa4 12. bxa4 c5 13. Ba3 Qe7 14. Nbd2 cxd4 15. Bxd6 Qxd6 16. Nxd4 Rfc8 17. Qb1 Rab8 18. Rc1 0-1

[Event "IIFL Wealth 4th Mumbai GM"]
[Site "Mumbai"]
[Date "2018.12.31"]
[Round "2"]
[White "Thapa, Krishna"]
[Black "Mehdi Hasan Parag"]
[Result "0-1"]
[ECO "E06"]
[WhiteElo "2024"]
[BlackElo "2218"]
[Annotator "NA"]
[PlyCount "92"]
[EventDate "2018.12.30"]
[EventType "swiss"]
[EventCountry "IND"]
[SourceTitle "playchess.com"]
[Source "ChessBase"]
[SourceQuality "1"]
[TimeControl "40/5400+30:1800+30"]

1. d4 Nf6 2. Nf3 e6 3. c4 d5 4. g3 Be7 5. Bg2 O-O 6. O-O dxc4 7. Qc2 b6 8. Ne5 Qxd4 9. Bxa8 Qxe5 10. Bf3 Nd5 11. Nc3 Nc6 12. Nxd5 exd5 13. Bf4 Qe6 14. Rad1 Nb4 15. Qb1 c6 16. a3 Na6 17. e4 Bb7 18. Rfe1 Qd7 19. Qc2 Rd8 20. Qe2 d4 21. Qxc4 c5 22. Bg2 b5 23. Qc2 c4 24. Be5 d3 25. Qd2 Nc5 26. h4 Nb3 27. Qf4 a5 28. Kh2 f6 29. Bc7 Rc8 30. Bb6 Qc6 31. Be3 Rd8 32. Bh1 Qd6 33. Qf5 Qe5 34. Bb6 Rc8 35. Qg4 Bc5 36. Qd7 Bxb6 37. Qxb7 Rb8 38. Qd5+ Kf8 39. f4 Qxd5 40. exd5 Rd8 41. a4 bxa4 42. Re6 Bd4 43. Rc6 Bxb2 44. Rxc4 a3 45. Ra4 d2 46. Be4 Nc5 0-1

[Event "IIFL Wealth 4th Mumbai GM"]
[Site "Mumbai"]
[Date "2018.12.31"]
[Round "2"]
[White "Trisha Kanyamarala"]
[Black "Srija, Seshadri"]
[Result "1-0"]
[ECO "D45"]
[WhiteElo "1942"]
[BlackElo "2210"]
[Annotator "NA"]
[PlyCount "59"]
[EventDate "2018.12.30"]
[EventType "swiss"]
[EventCountry "IND"]
[SourceTitle "playchess.com"]
[Source "ChessBase"]
[SourceQuality "1"]
[TimeControl "40/5400+30:1800+30"]

1. d4 d5 2. c4 e6 3. Nf3 Nf6 4. Nc3 c6 5. e3 Nbd7 6. Qc2 Bd6 7. Bd3 dxc4 8. Bxc4 O-O 9. O-O b5 10. Be2 Bb7 11. e4 e5 12. dxe5 Nxe5 13. Nh4 b4 14. Nf5 bxc3 15. Rd1 Ne8 16. Qxc3 Qf6 17. f4 Bc7 18. fxe5 Bxe5 19. Qb4 Nc7 20. Qxb7 Rfb8 21. Qxc6 Ne6 22. Be3 Nf4 23. Bxf4 Bxf4 24. Qxf6 gxf6 25. Rab1 Kf8 26. Bc4 Rc8 27. b3 Rab8 28. g3 Be5 29. Rbc1 Rc7 30. Rd3 1-0

[Event "IIFL Wealth 4th Mumbai GM"]
[Site "Mumbai"]
[Date "2018.12.31"]
[Round "2"]
[White "Nepal, Prakash"]
[Black "Raghunandan, Kaumandur Srihari"]
[Result "0-1"]
[ECO "E81"]
[WhiteElo "1902"]
[BlackElo "2378"]
[Annotator "NA"]
[PlyCount "63"]
[EventDate "2018.12.30"]
[EventType "swiss"]
[EventCountry "IND"]
[SourceTitle "playchess.com"]
[Source "ChessBase"]
[SourceQuality "1"]
[TimeControl "40/5400+30:1800+30"]

1. d4 Nf6 2. c4 g6 3. Nc3 Bg7 4. e4 d6 5. f3 O-O 6. Be3 c5 7. Nge2 Nc6 8. d5 Ne5 9. Ng3 h5 10. Be2 h4 11. Nf1 e6 12. f4 Nxc4 13. Bxc4 b5 14. Bd3 b4 15. Ne2 exd5 16. exd5 Re8 17. Qd2 Nxd5 18. Bb5 Bb7 19. Bxe8 Qxe8 20. Kf2 Nf6 21. Kg1 Qc6 22. Neg3 hxg3 23. hxg3 Re8 24. Rh4 Nd5 25. Re1 Nxe3 26. Nxe3 Bd4 27. Rh2 Qe4 28. Kf2 c4 29. Qe2 c3 30. bxc3 bxc3 31. a3 c2 32. Ra1 0-1

[Event "IIFL Wealth 4th Mumbai GM"]
[Site "Mumbai"]
[Date "2018.12.31"]
[Round "2"]
[White "Larmet, Nino"]
[Black "Banerjee, Sushant"]
[Result "0-1"]
[ECO "B01"]
[WhiteElo "1835"]
[BlackElo "2198"]
[Annotator "NA"]
[PlyCount "116"]
[EventDate "2018.12.30"]
[EventType "swiss"]
[EventCountry "IND"]
[SourceTitle "playchess.com"]
[Source "ChessBase"]
[SourceQuality "1"]
[TimeControl "40/5400+30:1800+30"]

1. e4 d5 2. exd5 Nf6 3. d4 Bg4 4. Be2 Bxe2 5. Nxe2 Qxd5 6. Nf4 Qf5 7. Qd3 Qxd3 8. Nxd3 Nc6 9. c3 O-O-O 10. Bf4 Nh5 11. Bg3 f6 12. f4 e5 13. fxe5 Nxg3 14. hxg3 fxe5 15. Nxe5 Re8 16. Kd1 Nxe5 17. dxe5 Rxe5 18. Nd2 Bd6 19. Nf3 Rd5+ 20. Kc2 Bxg3 21. Rad1 Rxd1 22. Rxd1 Re8 23. b3 Re2+ 24. Rd2 Rxd2+ 25. Kxd2 Kd7 26. Ke3 Ke6 27. Ng5+ Kf5 28. Ne4 Kg4 29. c4 Bf4+ 30. Kf2 Be5 31. g3 h5 32. Kg2 Bd4 33. Nd2 g5 34. Nf3 Bf6 35. Nh2+ Kf5 36. Kf3 g4+ 37. Ke3 c5 38. Nf1 h4 39. Ke2 hxg3 40. Ne3+ Ke4 41. Ng2 Bg5 42. Ne1 Kd4 43. Ng2 Kc3 44. Ne1 b6 45. Ng2 a5 46. Ne1 a4 47. Ng2 Bf6 48. Ne3 Bd4 49. Ng2 Bf2 50. Nf4 Bg1 51. Ng2 axb3 52. axb3 Kxb3 53. Kd3 b5 54. cxb5 c4+ 55. Ke2 c3 56. Ne1 g2 57. Kd1 Bc5 58. Nxg2 c2+ 0-1

[Event "IIFL Wealth 4th Mumbai GM"]
[Site "Mumbai"]
[Date "2018.12.31"]
[Round "2"]
[White "Kishor, Shazzad"]
[Black "Phadke Sohan"]
[Result "0-1"]
[ECO "A00"]
[WhiteElo "1730"]
[BlackElo "2191"]
[Annotator "NA"]
[PlyCount "110"]
[EventDate "2018.12.30"]
[EventType "swiss"]
[EventCountry "IND"]
[SourceTitle "playchess.com"]
[Source "ChessBase"]
[SourceQuality "1"]
[TimeControl "40/5400+30:1800+30"]

1. g3 e6 2. c4 f5 3. Bg2 Nf6 4. Nf3 Be7 5. Nc3 d6 6. d4 O-O 7. O-O a5 8. b3 Ne4 9. Bb2 Bf6 10. e3 Nc6 11. Rc1 Qe8 12. d5 Nb4 13. Nd4 Nxc3 14. Bxc3 Nxa2 15. Rc2 Nxc3 16. Rxc3 e5 17. Nb5 Bd8 18. Rd3 Bd7 19. Nc3 Bf6 20. e4 f4 21. g4 Qg6 22. f3 h5 23. h3 Bh4 24. Nb5 Bxb5 25. cxb5 Qe8 26. gxh5 Qxb5 27. Rc3 Qb6+ 28. Kh1 Bf2 29. Qc2 Bc5 30. Rd1 Qb5 31. Bf1 Qe8 32. Qg2 Qxh5 33. Qg4 Qh6 34. Rc2 Rf6 35. Rg2 Raf8 36. Bb5 Rg6 37. Qxg6 Qxh3+ 38. Rh2 Qxf3+ 39. Rg2 Qxd1+ 40. Kh2 Rf7 41. Be8 Re7 42. Bd7 Rxd7 43. Qe8+ Kh7 44. Qxd7 Qh5+ 45. Qh3 Qxh3+ 46. Kxh3 f3 47. Rh2 f2 48. Kg2+ Kg6 49. Rh8 Kg5 50. Rf8 b5 51. Rf7 a4 52. bxa4 bxa4 53. Rxg7+ Kf4 54. Rxc7 a3 55. Rc6 Kxe4 0-1

[Event "IIFL Wealth 4th Mumbai GM"]
[Site "Mumbai"]
[Date "2018.12.31"]
[Round "2"]
[White "Shah, Ram Surat Prasad"]
[Black "Patil, Pratik"]
[Result "0-1"]
[ECO "B42"]
[WhiteElo "1639"]
[BlackElo "2178"]
[Annotator "NA"]
[PlyCount "26"]
[EventDate "2018.12.30"]
[EventType "swiss"]
[EventCountry "IND"]
[SourceTitle "playchess.com"]
[Source "ChessBase"]
[SourceQuality "1"]
[TimeControl "40/5400+30:1800+30"]

1. e4 c5 2. Nf3 e6 3. d4 cxd4 4. Nxd4 a6 5. Bd3 Bc5 6. Be3 Qb6 7. Nf5 exf5 8. Bxc5 Qxc5 9. O-O fxe4 10. Re1 d5 11. Nc3 Nf6 12. Bxe4 dxe4 13. Rxe4+ Be6 0-1

[Event "IIFL Wealth 4th Mumbai GM"]
[Site "Mumbai"]
[Date "2018.12.31"]
[Round "2"]
[White "Dhungel, Uttam"]
[Black "Thrish Karthik"]
[Result "0-1"]
[ECO "D20"]
[WhiteElo "1587"]
[BlackElo "2168"]
[Annotator "NA"]
[PlyCount "185"]
[EventDate "2018.12.30"]
[EventType "swiss"]
[EventCountry "IND"]
[SourceTitle "playchess.com"]
[Source "ChessBase"]
[SourceQuality "1"]
[TimeControl "40/5400+30:1800+30"]

1. d4 d5 2. c4 dxc4 3. Nc3 c6 4. e3 e5 5. Bxc4 exd4 6. exd4 Nf6 7. Nf3 Bd6 8. O-O O-O 9. Bg5 h6 10. Bh4 Bf5 11. Re1 Nbd7 12. d5 $146 {D20: Queen's Gambit Accepted: 3 e3 and 3 e4} ({Predecessor:} 12. Ne5 Qc7 13. Nxd7 Nxd7 14. Qh5 Nb6 15. Bb3 Bh7 16. Ne4 Be7 17. Bg3 Qd8 18. Nc5 Bf6 19. Rad1 Nd5 20. Nxb7 {1-0 (30) Bergez,L (2368)-Almeida Toledano,D (2295) Catalunya 2014}) 12... Nb6 13. Bb3 cxd5 14. Nd4 Bg6 15. Qf3 Bb4 16. Re3 Bxc3 17. Rxc3 Be4 18. Bxf6 Qxf6 19. Qxf6 gxf6 20. Rac1 Rfd8 21. Rc7 Rab8 22. f3 Bd3 23. Re1 Re8 24. Rxe8+ Rxe8 25. Rxb7 Re1+ 26. Kf2 Rb1 27. Ke3 Bg6 28. Rxa7 Rxb2 29. g3 Rxh2 30. a4 Nc4+ 31. Kf4 Rd2 32. Nf5 Bxf5 33. Kxf5 Rd3 34. Bxc4 dxc4 35. Ke4 Ra3 36. g4 c3 37. f4 c2 38. Rc7 Rxa4+ 39. Kf5 Ra5+ 40. Ke4 Ra2 41. Rc8+ Kg7 42. f5 Ra4+ 43. Kf3 Ra3+ 44. Kf4 Ra2 45. Kf3 Rb2 46. Kf4 Ra2 47. Kf3 h5 48. gxh5 Kh6 49. Kg4 Ra4+ 50. Kf3 Kxh5 51. Rxc2 Kg5 52. Rc7 Kxf5 53. Rxf7 Ra3+ 54. Kf2 Kg5 55. Rb7 f5 56. Rb4 Ra2+ 57. Kf3 Ra1 58. Kf2 Ra3 59. Kg2 Re3 60. Kf2 Re5 61. Ra4 f4 62. Ra3 Rb5 63. Kf3 Rc5 64. Rb3 Re5 65. Ra3 Rc5 66. Rb3 Ra5 67. Rc3 Kf5 68. Rb3 Ke5 69. Rd3 Ra1 70. Rb3 Rf1+ 71. Ke2 Rh1 72. Rb4 Kf5 73. Kf3 Rh3+ 74. Kf2 Ra3 75. Rc4 Kg4 76. Rc8 Ra2+ 77. Kf1 Kg3 78. Rg8+ Kf3 79. Kg1 Ra1+ 80. Kh2 Kf2 81. Rg2+ Ke3 82. Rb2 Re1 83. Rb3+ Kf2 84. Ra3 f3 85. Ra2+ Re2 86. Ra1 Re3 87. Ra2+ Kf1 88. Ra1+ Re1 89. Ra8 f2 90. Ra7 $11 Ke2 91. Ra2+ Kf1 $2 (91... Ke3 {mates} 92. Ra3+ Kd4 93. Ra4+ Kc3 (93... Kc5 94. Ra5+ Kb6 95. Ra3 f1=Q 96. Kg3 Qg1+ 97. Kf3 Rf1+ 98. Ke2 Qf2+ 99. Kd3 Qf3+ 100. Kd4 Qxa3 101. Ke5 Qe3+ 102. Kd5 Rd1+ 103. Kc4 Rd4#) 94. Ra3+ Kb4 95. Rf3) 92. Ra1 $2 {Re3 Ra2 Re2} Rxa1 {Re1 Ra2 Rd1} 93. Kg3 {Rd3+ Kh2} 0-1

[Event "IIFL Wealth 4th Mumbai GM"]
[Site "Mumbai"]
[Date "2018.12.31"]
[Round "2"]
[White "Ahsan, Ali Jewel"]
[Black "Ghelani Dhairya"]
[Result "0-1"]
[ECO "E12"]
[WhiteElo "1363"]
[BlackElo "2146"]
[Annotator "NA"]
[PlyCount "38"]
[EventDate "2018.12.30"]
[EventType "swiss"]
[EventCountry "IND"]
[SourceTitle "playchess.com"]
[Source "ChessBase"]
[SourceQuality "1"]
[TimeControl "40/5400+30:1800+30"]

1. d4 Nf6 2. c4 e6 3. Nf3 b6 4. Bg5 Bb7 5. e3 Be7 6. Bd3 O-O 7. O-O d5 8. Re1 Nbd7 9. Nc3 c5 10. cxd5 Nxd5 11. Bxe7 Qxe7 12. Ne4 cxd4 13. Nxd4 Rfd8 14. Nb5 Ne5 15. Nec3 Nxc3 16. Bxh7+ Kxh7 17. Qc2+ Ne4 18. f3 Rd2 19. Qb1 Nxf3+ 0-1

[Event "IIFL Wealth 4th Mumbai GM"]
[Site "Mumbai"]
[Date "2018.12.31"]
[Round "2"]
[White "Kafle, Binod"]
[Black "Rakshitta Ravi"]
[Result "0-1"]
[ECO "C50"]
[WhiteElo "1191"]
[BlackElo "2141"]
[Annotator "NA"]
[PlyCount "70"]
[EventDate "2018.12.30"]
[EventType "swiss"]
[EventCountry "IND"]
[SourceTitle "playchess.com"]
[Source "ChessBase"]
[SourceQuality "1"]
[TimeControl "40/5400+30:1800+30"]

1. e4 e5 2. Nf3 Nc6 3. Bc4 Bc5 4. d3 Nf6 5. Bg5 h6 6. Bxf6 Qxf6 7. Nc3 d6 8. Nd5 Qd8 9. h3 Ne7 10. O-O Nxd5 11. Bxd5 a5 12. c3 Bb6 13. d4 Qe7 14. dxe5 dxe5 15. Nd2 O-O 16. Qb3 Qg5 17. Nf3 Qf6 18. Rad1 Bxh3 19. gxh3 Qxf3 20. c4 Qxb3 21. axb3 c6 22. c5 Bxc5 23. Bc4 Bd4 24. Rd2 Rfd8 25. Rc2 Rd6 26. Kh1 Rad8 27. f4 exf4 28. Rxf4 Rf6 29. Rxf6 Bxf6 30. Rf2 b5 31. e5 Rd1+ 32. Kg2 bxc4 33. exf6 cxb3 34. Kg3 a4 35. fxg7 Rc1 0-1

[Event "IIFL Wealth 4th Mumbai GM"]
[Site "Mumbai"]
[Date "2018.12.31"]
[Round "2"]
[White "Mahalakshmi D M"]
[Black "Chowdhury, Sohel"]
[Result "1-0"]
[ECO "D45"]
[WhiteElo "1145"]
[BlackElo "2012"]
[Annotator "NA"]
[PlyCount "121"]
[EventDate "2018.12.30"]
[EventType "swiss"]
[EventCountry "IND"]
[SourceTitle "playchess.com"]
[Source "ChessBase"]
[SourceQuality "1"]
[TimeControl "40/5400+30:1800+30"]

1. d4 d5 2. c4 c6 3. Nf3 Nf6 4. Nc3 e6 5. e3 Nbd7 6. Qc2 Bd6 7. b3 O-O 8. Be2 e5 9. cxd5 cxd5 10. Nb5 Bb8 11. dxe5 Nxe5 12. O-O a6 13. Nbd4 Qd6 14. a4 Nxf3+ 15. Nxf3 Re8 16. Ba3 Qb6 17. Rac1 h6 18. Rfd1 Be6 19. Nd4 Bg4 20. Bxg4 Nxg4 21. Nf3 Qe6 22. Qd3 Rd8 23. Bb2 Ne5 24. Qe2 Nc6 25. g3 Ba7 26. Bd4 Bxd4 27. Nxd4 Nxd4 28. Rxd4 Rd7 29. Rcd1 Rad8 30. Qd2 Qb6 31. Qc2 Qc6 32. Qf5 Qe6 33. Qc2 Qc6 34. Qd3 Qe6 35. Qd2 Qb6 36. Qb2 Qc6 37. Rc1 Qb6 38. Qc3 Qe6 39. Qa5 g6 40. Rcd1 h5 41. Qd2 Qb6 42. b4 Qc6 43. a5 f5 44. h4 Kh7 45. Rc1 Qe6 46. Rc5 Qf7 47. b5 Qe6 48. b6 Qe5 49. Qc1 Re8 50. Qc2 Kh6 51. Qd2 Kh7 52. Qc2 Kh6 53. Qd2 Red8 54. e4+ Kh7 55. Rcxd5 Rxd5 56. Rxd5 Rxd5 57. exd5 Qd6 58. Qd4 Kg8 59. Qc4 Kf7 60. Qc7+ Qe7 61. d6 {[%emt 0:00:05] Qd8} 1-0